 Dungeon Crawl Stone Soup version 0.21-a0-538-gd16b88a (webtiles) character file.

422 Amnesiac the Vandal (level 7, -12/45 HPs)
             Began as a Halfling Fighter on Dec 15, 2017.
             Mangled by Menkaure (19 damage)
             ... on level 4 of the Dungeon.
             The game lasted 00:04:07 (2492 turns).

Amnesiac the Vandal (Halfling Fighter)              Turns: 2492, Time: 00:04:08

Health: -12/45     AC: 12    Str: 19    XL:     7   Next: 17%
Magic:  7/7        EV:  7    Int:  6    God:
Gold:   156        SH: 10    Dex: 14    Spells: 6/6 levels left

rFire    . . .     SeeInvis .   b - +0 hunting sling
rCold    . . .     Gourm    .   c - +0 shield
rNeg     . . .     Faith    .   p - +0 plate armour
rPois    .         Spirit   .   (no helmet)
rElec    .         Reflect  .   (no cloak)
rCorr    .         Harm     .   (no gloves)
MR       .....                  (no boots)
Stlth    ..........             r - amulet of regeneration
HPRegen  0.55/turn              x - ring of loudness (curse)
MPRegen  0.10/turn              (no ring)

@: no status effects
A: small, mutation resistance 1
a: no special abilities


You were on level 4 of the Dungeon.
You were not hungry.

You visited 1 branch of the dungeon, and saw 4 of its levels.

You collected 156 gold pieces.

Inventory:

Hand Weapons
 a - a +0 rapier
 b - a +0 hunting sling (weapon)
 B - a +0 morningstar
Missiles
 h - 93 stones
 m - 33 sling bullets (quivered)
Armour
 c - a +0 shield (worn)
 p - a +0 plate armour (worn)
Jewellery
 r - an amulet of regeneration (around neck)
 x - a cursed ring of loudness (left hand)
Scrolls
 e - a scroll of noise {!r, unknown}
 g - 4 scrolls of remove curse {!r, unknown}
 i - 3 scrolls of fear {!r, unknown}
 n - a scroll of enchant weapon {!r, unknown}
 o - 3 scrolls of identify {!r, unknown}
 q - a scroll of magic mapping {!r, unknown}
 s - 4 scrolls of teleportation {!r, unknown}
 u - 2 scrolls of blinking {!r, unknown}
 y - a scroll of amnesia {!r, unknown}
 D - a scroll of enchant armour {!r, unknown}
 F - a scroll of fog {!r, unknown}
Potions
 d - a potion of might {!q}
 k - 3 potions of mutation {!q, unknown}
 l - 4 potions of curing {!q, unknown}
 v - a potion of lignification {!q, unknown}
 w - a potion of agility {!q, unknown}
 z - 2 potions of berserk rage {!q, unknown}
 A - 2 potions of magic {!q, unknown}
 C - a potion of resistance {!q, unknown}
 E - a potion of brilliance {!q, unknown}
Comestibles
 f - 2 bread rations
 j - 2 meat rations
 t - 3 royal jellies


   Skills:
 - Level 2.6 Fighting
 - Level 2.4 Short Blades
 * Level 5.3 Slings
 + Level 4.4 Armour
 + Level 4.3 Dodging
 + Level 4.4 Shields


You had 6 spell levels left.
You didn't know any spells.

Dungeon Overview and Level Annotations

Branches:
Dungeon (4/15)
 Temple: D:4-7

Altars:

Annotations:
D:4 Menkaure


Innate Abilities, Weirdness & Mutations

You are small and have problems with some larger weapons.
You are somewhat resistant to further mutation.


Message History

Aim: Menkaure (moderately damaged, fast)
You shoot a sling bullet.
The sling bullet hits Menkaure but does no damage.
Menkaure is moderately damaged.
Firing (i - inventory. (,) - cycle):
m - 42 sling bullets (quivered)
Press: ? - help, Shift-Dir - straight line, f/p - Menkaure
Aim: Menkaure (moderately damaged, fast)
You shoot a sling bullet. The sling bullet hits Menkaure.
Menkaure is heavily damaged.
Firing (i - inventory. (,) - cycle):
m - 41 sling bullets (quivered)
Press: ? - help, Shift-Dir - straight line, f/p - Menkaure
Aim: Menkaure (heavily damaged, fast)
You shoot a sling bullet.
The sling bullet hits Menkaure but does no damage.
Menkaure is heavily damaged.
Firing (i - inventory. (,) - cycle):
m - 40 sling bullets (quivered)
Press: ? - help, Shift-Dir - straight line, f/p - Menkaure
Aim: Menkaure (heavily damaged, fast)
You shoot a sling bullet. The sling bullet hits Menkaure.
Menkaure is heavily damaged.
Menkaure hits you.
Firing (i - inventory. (,) - cycle):
m - 39 sling bullets (quivered)
Press: ? - help, Shift-Dir - straight line, f/p - Menkaure
Aim: Menkaure (heavily damaged, fast)
You shoot a sling bullet.
The sling bullet hits Menkaure but does no damage.
Menkaure is heavily damaged.
Menkaure calls on the powers of darkness!
Your body is wracked with pain!
* * * LOW HITPOINT WARNING * * *
Firing (i - inventory. (,) - cycle):
m - 38 sling bullets (quivered)
Press: ? - help, Shift-Dir - straight line, f/p - Menkaure
Aim: Menkaure (heavily damaged, fast)
You shoot a sling bullet.
The sling bullet hits Menkaure but does no damage.
Menkaure is heavily damaged.
You block Menkaure's attack.
Firing (i - inventory. (,) - cycle):
m - 37 sling bullets (quivered)
Press: ? - help, Shift-Dir - straight line, f/p - Menkaure
Aim: Menkaure (heavily damaged, fast)
You shoot a sling bullet.
The sling bullet closely misses Menkaure.
Menkaure barely misses you.
Firing (i - inventory. (,) - cycle):
m - 36 sling bullets (quivered)
Press: ? - help, Shift-Dir - straight line, f/p - Menkaure
Aim: Menkaure (heavily damaged, fast)
You shoot a sling bullet.
The sling bullet barely misses Menkaure.
You block Menkaure's attack.
Firing (i - inventory. (,) - cycle):
m - 35 sling bullets (quivered)
Press: ? - help, Shift-Dir - straight line, f/p - Menkaure
Aim: Menkaure (heavily damaged, fast)
You shoot a sling bullet. The sling bullet hits Menkaure.
Menkaure is severely damaged.
You block Menkaure's attack. Menkaure hits you!
* * * LOW HITPOINT WARNING * * *
You are too injured to fight recklessly!
Firing (i - inventory. (,) - cycle):
m - 34 sling bullets (quivered)
Press: ? - help, Shift-Dir - straight line, f/p - Menkaure
Aim: Menkaure (severely damaged, fast)
You shoot a sling bullet. The sling bullet hits Menkaure.
Menkaure is almost destroyed.
Menkaure hits you!!
You die...

#.... #.... ##... ##'##
#.... #.... #....
(###################....
(.((((M@.......)....^>..
#####################.##
#### #. #. #. #. ## #


You could see Menkaure.

Vanquished Creatures
  Duvessa (D:4)
  An ogre (D:4)
  Dowan (D:4)
  A scorpion (D:4)
  A howler monkey (D:4)
  2 adders
  4 worms (D:2)
  A dart slug (D:2)
  6 orcs
  2 ball pythons
  7 bats
  6 giant cockroaches
  3 hobgoblins
  4 jackals (D:2)
  A quokka (D:4)
  4 frilled lizards
  4 goblins
  8 kobolds
  8 rats
65 creatures vanquished.

Notes
Turn   | Place    | Note
-------+----------+-------------------------------------------
     0 | D:1      | Amnesiac the Halfling Fighter began the quest for the Orb.
     0 | D:1      | Reached XP level 1. HP: 15/15 MP: 1/1
    33 | D:1      | Reached skill level 1 in Dodging
   116 | D:1      | Reached XP level 2. HP: 20/20 MP: 2/2
   829 | D:1      | Reached XP level 3. HP: 22/25 MP: 3/3
  1373 | D:2      | Reached XP level 4. HP: 29/30 MP: 4/4
  1377 | D:2      | Reached skill level 1 in Slings
  2193 | D:4      | Noticed Duvessa
  2195 | D:4      | Noticed Dowan
  2206 | D:4      | Killed Duvessa
  2206 | D:4      | Reached skill level 3 in Slings
  2206 | D:4      | Reached XP level 5. HP: 27/35 MP: 5/5
  2219 | D:4      | Killed Dowan
  2219 | D:4      | Reached skill level 4 in Slings
  2219 | D:4      | Reached XP level 6. HP: 29/41 MP: 6/6
  2259 | D:4      | Noticed an ogre
  2262 | D:4      | Killed an ogre
  2262 | D:4      | Reached skill level 5 in Slings
  2262 | D:4      | Reached XP level 7. HP: 45/45 MP: 7/7
  2480 | D:4      | Noticed Menkaure
  2492 | D:4      | Mangled by Menkaure

Vault maps used:
D:1:      dpeg_chamrin_arrival_tetris, minivault_24, minmay_tetromino_t2
D:2:      first_bread
D:4:      minmay_temple_entry_nine_rooms, uniq_duvessa, uniq_menkaure

Skill      XL: |  1  2  3  4  5  6 |
---------------+-------------------+-----
Dodging        | 1 2 3 4 |  4.3
Slings         | 3 4 5 |  5.3
Armour         | 4 |  4.4
Shields        | 4 |  4.4
Fighting       | |  2.6
Short Blades   | |  2.4

Action                   |  1- 3 |  4- 6 |  7- 9 || total
-------------------------+-------+-------+-------++-------
Melee: Rapier            |    40 |       |       ||    40
 Fire: Hunting sling     |   100 |   161 |    41 ||   302
Throw: Stone             |    17 |       |       ||    17
  Eat: Chunk             |     1 |     3 |     1 ||     5
Armor: Scale mail        |    15 |       |       ||    15
       Plate armour      |    14 |    41 |     4 ||    59
Dodge: Dodged            |    14 |    17 |     7 ||    38
Block: Shield            |    34 |    48 |     8 ||    90

Table legend:
 A = Spawn XP
 B = Non-spawn XP
 C = Spawn XP percentage of total XP
 D = Spawn monster count
 E = Non-spawn monster count
 F = Spawn count percentage of total count
 G = Total turns spent on level
                    A         B        C        D         E        F      G
               +---------+---------+-------+---------+---------+-------+---------
         Total |       0 |     604 |   0.0 |       0 |      65 |   0.0 |  2492
               +---------+---------+-------+---------+---------+-------+---------
           D:1 |       0 |      32 |   0.0 |       0 |      22 |   0.0 |   915
           D:2 |       0 |      46 |   0.0 |       0 |      18 |   0.0 |   675
           D:3 |       0 |      37 |   0.0 |       0 |      14 |   0.0 |   603
           D:4 |       0 |     489 |   0.0 |       0 |      11 |   0.0 |   299
               +---------+---------+-------+---------+---------+-------+---------
